AoeStats
← VS

Glade

510276780Analyzed
1v1 RM · 9h ago on Sep 30, 2026· 36m 9s· 2 players
Game mode
Random Map
Map size
Tiny (2 player)
Population
200
Speed
Normal
Resources
Standard
Victory
Conquest
Starting age
Dark Age
Ending age
Imperial Age
RankedLock teamsTeams togetherTeam positionsShared explorationLock speedFull tech treeHidden civsTurbo modeCheats
Victory
Defeat
🇨🇿 Danes · Czechia
929
+15
🇬🇪 Franks · Georgia
914
-15
VS
2:40 Loom
11:42 Feudal Age
13:07 Wheelbarrow
18:19 Castle Age
29:17 Sanctity
34:20 Hand Cart
Jozineqq
6:24 Loom
9:58 Feudal Age
10:24 Man-at-Arms
10:50 Arson
12:08 Double-Bit Axe
13:13 Horse Collar
20:05 Castle Age
18:28 Gold Mining
18:47 Scale Mail Armor
18:59 Forging
20:36 Gambesons
20:52 Squires
21:18 Chain Mail Armor
21:39 Iron Casting
21:32 Bow Saw
21:40 Heavy Plow
24:27 Wheelbarrow
24:24 Town Watch
26:45 Hand Cart
28:30 Town Patrol
36:00 Imperial Age
34:19 Gold Shaft Mining
33:35 Stone Mining
34:18 Fletching
35:28 Bodkin Arrow
35:36 Padded Archer Armor
Connection lost

Rejoining the realm…

Still unreachable

The connection could not be restored.

Session expired

The server has moved on; the page needs a fresh start.